AoeStats
← Kaiser Ze

African Clearing

510294840Analyzed
4v4 RM · 24h ago on Sep 30, 2026· 42m 32s· 8 players
Game mode
Random Map
Map size
Large (8 player)
Population
200
Speed
Normal
Resources
Standard
Victory
Conquest
Starting age
Dark Age
Ending age
Imperial Age
RankedLock teamsTeams togetherTeam positionsShared explorationLock speedFull tech treeHidden civsTurbo modeCheats
Victory
Defeat
1501
+13
🇨🇳 Huns · China
1427
+17
🇨🇳 Tatars · China
1374
+18
🇨🇳 Magyars · China
1372
+19
🇨🇳 Persians · China
1495
-19
🇨🇳 Berbers · China
1446
-17
🇨🇳 Khmer · China
1442
-17
🇨🇳 Mongols · China
1368
-14
网恋被骗50块
3:47 Loom
14:18 Feudal Age
15:13 Double-Bit Axe
17:51 Castle Age
16:35 Horse Collar
17:14 Stone Mining
17:37 Bloodlines
19:30 Bow Saw
19:15 Fletching
19:26 Padded Archer Armor
19:28 Husbandry
20:33 Heavy Plow
22:02 Wheelbarrow
24:35 Bodkin Arrow
25:59 Leather Archer Armor
26:41 Kasbah
29:36 Thumb Ring
29:53 Town Watch
30:26 Hand Cart
37:22 Imperial Age
35:12 Husbandry
35:43 Ballistics
35:04 Treadmill Crane
35:19 Murder Holes
35:37 Forging
35:33 Scale Barding Armor
38:29 Conscription
38:15 Bracer
38:46 Ring Archer Armor
39:27 Chemistry
38:17 Elite Camel Archer
41:21 Gold Mining
42:25 Stone Shaft Mining
骑人机的骑士
13:58 Feudal Age
15:09 Loom
18:36 Castle Age
16:48 Double-Bit Axe
19:52 Forging
19:48 Scale Barding Armor
20:42 Husbandry
21:23 Bloodlines
29:14 Horse Collar
34:32 Chain Barding Armor
36:15 Wheelbarrow
36:33 Bow Saw
36:50 Gold Mining
36:50 Stone Mining
38:27 Gold Shaft Mining
38:26 Heavy Plow
39:55 Hand Cart
40:18 Stone Shaft Mining
40:45 Iron Casting
下雨天。。。。
5:55 Loom
12:32 Feudal Age
13:02 Double-Bit Axe
17:28 Forging
19:50 Horse Collar
21:34 Scale Barding Armor
25:08 Bloodlines
25:13 Gold Mining
29:48 Castle Age
28:47 Wheelbarrow
31:40 Gold Shaft Mining
31:08 Heavy Plow
32:03 Chain Barding Armor
32:07 Hand Cart
33:07 Iron Casting
36:43 Hand Cart
38:07 Town Watch
39:06 Stone Mining
39:44 Husbandry
43:12 Imperial Age
41:36 Town Patrol
42:13 Stone Shaft Mining
41:30 Fletching
41:41 Padded Archer Armor
300P 4V4
4:34 Loom
12:10 Feudal Age
16:39 Double-Bit Axe
17:57 Wheelbarrow
24:29 Castle Age
22:54 Gold Mining
24:00 Fletching
25:54 Pikeman
28:50 Elite Skirmisher
28:53 Crossbowman
你可以打我队友吗
12:47 Feudal Age
14:03 Loom
17:36 Castle Age
16:02 Double-Bit Axe
19:22 Fishing Lines
23:19 Horse Collar
25:29 Scale Barding Armor
27:28 Gold Mining
31:02 Chain Barding Armor
31:56 Forging
34:22 Heavy Plow
34:35 Bow Saw
35:47 Wheelbarrow
36:36 Bloodlines
36:26 Husbandry
36:40 Gillnets
37:49 Iron Casting
41:03 Imperial Age
38:53 Herbal Medicine
40:43 Hand Cart
40:52 Stone Mining
41:38 Gold Shaft Mining
41:34 Elite Iron Pagoda
43:24 Stone Shaft Mining
42:38 Town Watch
老菜套
5:19 Loom
13:36 Feudal Age
17:21 Castle Age
15:09 Double-Bit Axe
16:03 Stone Mining
16:43 Horse Collar
17:56 Town Watch
18:28 Bow Saw
26:35 Wheelbarrow
26:41 Gold Mining
26:54 Heavy Plow
29:01 Gold Shaft Mining
34:39 Imperial Age
32:37 Scale Barding Armor
33:25 Forging
33:53 Hand Cart
34:16 Town Patrol
35:13 Chain Barding Armor
35:31 Iron Casting
35:19 Fletching
36:08 Bloodlines
35:59 Husbandry
36:58 Conscription
36:01 Elite Keshik
37:50 Plate Barding Armor
38:15 Blast Furnace
37:12 Bodkin Arrow
38:21 Crop Rotation
37:41 Capped Ram
39:19 Coinage
39:10 Siege Ram
40:41 Pikeman
41:36 Squires
41:38 Scale Mail Armor
41:38 Bracer
41:24 Halberdier
Kaiser Ze
5:00 Loom
12:31 Feudal Age
13:50 Double-Bit Axe
17:45 Castle Age
19:40 Wheelbarrow
21:55 Bow Saw
23:23 Horse Collar
24:53 Fletching
25:39 Gold Mining
25:51 Heavy Plow
29:24 Hand Cart
31:55 Imperial Age
30:02 Bodkin Arrow
30:07 Padded Archer Armor
30:45 Ballistics
31:43 Gold Shaft Mining
30:59 Stone Mining
32:09 Thumb Ring
32:48 Bloodlines
32:38 Husbandry
33:29 Bracer
33:44 Leather Archer Armor
34:53 Chemistry
35:09 Parthian Tactics
35:01 Town Watch
36:16 Heavy Cavalry Archer
37:33 Capped Ram
39:23 Siege Ram
42:11 Masonry
41:58 Murder Holes
st9901544
5:45 Loom
10:56 Loom
13:04 Feudal Age
15:53 Scale Barding Armor
19:59 Bloodlines
24:58 Castle Age
23:11 Horse Collar
25:12 Double-Bit Axe
25:20 Gold Mining
29:33 Bow Saw
37:41 Heavy Plow
Connection lost

Rejoining the realm…

Still unreachable

The connection could not be restored.

Session expired

The server has moved on; the page needs a fresh start.